Map: [TLMC15] Berlingrad

Players

Clem

  • Race: Terran Terran

MaxPax - Winner!

  • Race: Protoss Protoss

Event: DreamHack SC2 Masters Last Chance 2022

VOD

Have the link to the VOD?

Description

Time

  • Played on: Jan. 13, 2022, 8:22 a.m.
  • Length: 20:29

All games in this series

Show
View Real Time Build Order
Export as new Build Order

Clem Terran 

Build Orders: 1/1/1 

Get SALT Encoding   

  12  0:00  SCV  
  13  0:12  SCV  
  14  0:16  Supply Depot  
  14  0:24  SCV  
  15  0:38  SCV  
  15  0:39  Barracks  
  16  0:45  Refinery  
  16  0:50  SCV  
  16  0:53  Refinery  
  17  1:02  SCV  
  18  1:14  SCV  
  19  1:26  Reaper, Orbital Command  
  20  1:35  Supply Depot  
  20  1:42  Factory  
  20  1:52  SCV  
  21  2:04  SCV  
  22  2:15  Barracks Reactor  
  22  2:16  SCV  
  23  2:27  Widow Mine  
  23  2:29  Starport, SCV  
  26  2:44  SCV  
  27  2:45  Command Center  
  27  2:48  Widow Mine  
  27  2:50  Supply Depot  
  29  2:52  Marine  
  29  2:56  SCV  
  31  3:11  Medivac, Marine  
  31  3:12  SCV, Widow Mine  
  37  3:19  Marine  
  38  3:21  Armory  
  38  3:27  SCV  
  38  3:33  Supply Depot  
  39  3:35  Factory Tech Lab  
  39  3:42  Starport Tech Lab  
  39  3:49  Barracks  
  39  3:54  Marine x2  
  39  3:55  SCV  
  42  3:57  Orbital Command  
  42  4:07  SCV  
  42  4:08  Raven  
  45  4:12  Marine x2  
  43  4:19  SCV, Orbital Command  
  43  4:21  Barracks  
  42  4:30  Marine x2, Siege Tank  
  46  4:33  SCV  
  46  4:37  Marine  
  48  4:45  SCV  
  49  4:46  SCV  
  48  4:55  Marine x2  
  48  4:57  SCV  
  48  4:58  SCV  
  52  5:02  Viking  
  52  5:06  Marine, Stimpack  
  55  5:09  SCV  
  55  5:12  SCV  
  55  5:13  Marine x2  
  59  5:14  Supply Depot  
  59  5:15  Refinery  
  59  5:19  Marine  
  60  5:21  SCV  
  60  5:22  Combat Shield  
  60  5:25  SCV  
  60  5:26  Supply Depot  
  62  5:30  Factory Reactor  
  62  5:32  Barracks  
  62  5:33  Engineering Bay  
  62  5:36  SCV  
  62  5:37  Supply Depot, SCV  
  62  5:40  Marine x2  
  66  5:43  Marauder  
  66  5:45  Starport Reactor  
  66  5:47  Marauder  
  66  5:48  SCV  
  67  5:59  Marine  
  67  6:03  Marine  
  66  6:05  Marauder, SCV x2  
  66  6:08  Refinery  
  66  6:09  Marine  
  71  6:18  SCV x2  
  73  6:21  Terran Infantry Weapons Level 1  
  73  6:25  Marine x2  
  75  6:26  Marauder  
  75  6:31  Supply Depot  
  75  6:32  SCV x2  
  79  6:34  Marauder  
  81  6:41  Medivac  
  83  6:47  Marine x2  
  83  6:49  Medivac  
  83  6:53  Supply Depot  
  87  6:54  Marauder  
  87  6:58  Widow Mine x2  
  87  6:59  Marauder  
  93  7:05  Marine  
  93  7:07  Marine  
  94  7:13  Command Center  
  94  7:14  SCV x2  
  94  7:15  Medivac  
  94  7:20  Marauder  
  94  7:22  Supply Depot  
  96  7:23  Marine  
  96  7:25  Marine  
  96  7:26  Marauder  
  100  7:31  Widow Mine  
  102  7:39  Widow Mine  
  102  7:41  Supply Depot  
  102  7:43  Barracks  
  104  7:44  Marauder  
  104  7:46  Barracks  
  104  7:50  Medivac x2  
  108  7:52  Marine x2  
  110  7:58  Marauder  
  110  8:03  Widow Mine  
  111  8:05  Marauder  
  111  8:09  SCV x2, Widow Mine  
  111  8:12  Supply Depot  
  112  8:13  Marine x2  
  112  8:16  Supply Depot  
  116  8:20  Terran Infantry Armor Level 1, Marauder  
  116  8:21  SCV x2  
  118  8:27  Orbital Command  
  118  8:33  SCV x2  
  118  8:35  Barracks Tech Lab, Barracks Reactor, Widow Mine x2  
  118  8:36  Marine x2  
  126  8:41  Marauder  
  126  8:45  SCV x2  
  128  8:55  Marauder x2, SCV  
  133  8:57  SCV x2  
  133  8:58  Viking x2  
  133  9:02  Marine x2  
  141  9:03  Supply Depot  
  141  9:07  SCV  
  141  9:08  Marauder  
  141  9:09  SCV  
  146  9:10  SCV  
  146  9:14  Supply Depot, Marine  
  146  9:15  Marine  
  146  9:16  Marauder  
  149  9:24  Marine x2, SCV x2  
  149  9:25  Marine  
  149  9:28  Refinery  
  149  9:29  Viking  
  149  9:30  Ghost Academy  
  156  9:33  Viking  
  156  9:35  Concussive Shells  
  153  9:39  Marine x2  
  153  9:40  Marine, Marauder  
  153  9:43  Marauder  
  153  9:44  Widow Mine x2  
  163  9:50  Marine  
  158  9:54  Marine  
  158  9:59  Marine  
  146  10:01  Viking  
  146  10:03  Viking  
  151  10:07  Marine  
  151  10:08  Refinery  
  151  10:12  Ghost x3  
  154  10:17  Command Center  
  154  10:22  Terran Infantry Weapons Level 2  
  154  10:25  Engineering Bay  
  154  10:27  Supply Depot  
  154  10:30  Supply Depot  
  154  10:32  Viking  
  156  10:36  Viking  
  156  10:41  Ghost  
  159  10:47  Marine x4  
  159  10:48  Ghost  
  164  10:52  Starport  
  164  10:54  Terran Infantry Armor Level 2  
  164  10:57  Marauder  
  164  11:07  Supply Depot, Marine x2  
  164  11:08  Missile Turret, Marine  
  164  11:09  Missile Turret, Marine  
  164  11:10  Marauder  
  169  11:12  Medivac  
  169  11:15  Medivac  
  169  11:17  Marine  
  169  11:18  Ghost  
  176  11:27  Supply Depot, Marine x2  
  176  11:30  Viking x2  
  182  11:34  Marine  
  182  11:35  Marine  
  182  11:37  Terran Ship Weapons Level 1  
  182  11:39  SCV x3  
  187  11:44  Marauder  
  189  11:49  Medivac x2  
  189  11:52  Marine x2  
  194  11:54  Marauder  
  194  11:58  Marine x2  
  194  12:00  Marauder  
  198  12:10  Viking x2  
  198  12:11  Marine x2  
  196  12:15  Marauder  
  196  12:19  Medivac  
  196  12:20  Medivac  
  196  12:21  Marine  
  192  12:31  Planetary Fortress  
  192  12:32  SCV  
  192  12:33  SCV  
  192  12:35  Marine x2  
  192  12:36  Missile Turret  
  196  12:38  Marine  
  196  12:40  Viking, Enhanced Shockwaves  
  196  12:41  Marine  
  196  12:42  SCV  
  200  12:49  Barracks  
  198  12:52  Barracks x2  
  198  12:56  Ghost  
  198  13:06  Viking  
  198  13:07  Viking  
  198  13:12  Ghost  
  200  13:24  Fusion Core  
  200  13:26  Refinery  
  198  13:27  Command Center  
  198  13:28  Missile Turret  
  192  13:35  Liberator  
  192  13:36  Viking x2  
  192  13:39  Terran Ship Weapons Level 2  
  199  13:42  Marine  
  199  13:48  Refinery  
  200  13:58  Starport  
  200  14:18  Terran Infantry Weapons Level 3, Terran Infantry Armor Level 3  
  200  14:24  Command Center  
  200  14:27  Viking  
  195  14:46  Viking  
  195  14:47  Ghost, Viking  
  195  14:48  Ghost  
  195  14:50  Viking  
  192  14:56  Marine x2  
  192  14:57  Viking  
  179  15:02  Starport Reactor  
  179  15:04  Starport  
  179  15:05  Starport  
  177  15:11  Missile Turret  
  177  15:12  Missile Turret  
  177  15:13  Missile Turret x3  
  177  15:14  Missile Turret  
  177  15:16  Marine x2, Viking x2  
  177  15:17  Marine  
  177  15:19  Marine  
  177  15:20  Marine x4  
  185  15:26  Viking  
  185  15:27  Viking  
  189  15:31  Marine x2  
  187  15:44  Viking x2  
  187  15:46  Viking  
  187  15:48  Viking  
  195  15:51  Viking  
  195  15:56  Viking  
  194  16:00  Ghost  
  194  16:04  Orbital Command  
  194  16:08  Viking  
  196  16:12  Viking  
  198  16:25  Ghost  
  185  16:26  Viking  
  185  16:27  Viking  
  185  16:30  Viking  
  185  16:33  Marine  
  185  16:34  Marine x3  
  187  16:46  Viking x2  
  186  16:53  Viking  
  179  16:56  Viking  
  179  16:59  Viking  
  179  17:02  Orbital Command  
  179  17:07  Viking  
  177  17:12  Marauder  
  179  17:16  Marine x2  
  176  17:26  Marauder  
  176  17:28  Marauder  
  177  17:34  Marine, Marauder  
  178  17:44  Marine  
  166  17:47  Marauder  
  169  17:55  Marauder  
  163  17:59  Marine x2  
  163  18:03  Marine x2  
  167  18:06  Marine  
  167  18:08  Marauder  
  170  18:13  Orbital Command  
  170  18:17  Marine  
  139  18:47  Missile Turret x2  
  132  18:51  Barracks x3  
  132  18:52  Barracks  
  132  18:55  Barracks  
  111  19:19  Marine x3  
  111  19:21  Marine  
  106  19:47  Supply Depot  
  106  19:49  Supply Depot  
  106  19:51  Supply Depot  
  106  19:52  Supply Depot  
  104  19:53  Marine x3  
  104  19:54  Marine x3  
  104  19:56  Viking  
  104  19:57  Viking  
  97  20:06  Marine  
Show
View Real Time Build Order
Export as new Build Order

MaxPax Protoss - Winner!

Build Orders: Blink Stalkers, Carriers 

Get SALT Encoding   

  12  0:00  Probe  
  13  0:12  Probe  
  14  0:19  Pylon  
  14  0:24  Probe  
  15  0:37  Probe (Chrono Boost)  
  15  0:39  Gateway  
  16  0:47  Probe (Chrono Boost), Assimilator  
  17  0:52  Probe (Chrono Boost)  
  18  1:04  Probe  
  19  1:16  Probe  
  20  1:26  Cybernetics Core  
  20  1:27  Zealot  
  20  1:28  Probe  
  20  1:31  Pylon  
  23  1:50  Probe  
  23  1:52  Nexus  
  24  2:01  Stalker (Chrono Boost)  
  24  2:02  Probe  
  27  2:11  Warp Gate  
  28  2:17  Assimilator  
  28  2:19  Probe  
  28  2:26  Stalker  
  30  2:31  Probe  
  30  2:43  Probe  
  31  2:52  Twilight Council  
  31  3:04  Probe x2  
  33  3:06  Gateway  
  33  3:16  Probe  
  33  3:17  Probe  
  35  3:21  Pylon  
  35  3:24  Blink (Chrono Boost)  
  35  3:28  Probe  
  35  3:29  Probe  
  37  3:37  Robotics Facility  
  37  3:40  Probe  
  37  3:41  Probe  
  39  3:52  Probe  
  39  3:53  Probe  
  41  4:00  Stalker x2  
  45  4:05  Probe  
  45  4:09  Probe  
  48  4:17  Probe  
  48  4:21  Probe  
  46  4:25  Observer (Chrono Boost)  
  46  4:29  Probe  
  47  4:31  Stalker x2  
  47  4:34  Probe  
  52  4:48  Probe  
  52  4:49  Observer  
  52  4:51  Nexus  
  52  4:52  Pylon  
  54  4:55  Pylon  
  54  4:57  Assimilator  
  54  5:01  Assimilator  
  54  5:04  Pylon  
  54  5:08  Pylon  
  54  5:10  Probe x2  
  56  5:15  Stalker x2  
  60  5:22  Probe x2  
  60  5:24  Pylon  
  62  5:31  Robotics Bay  
  62  5:32  Forge  
  62  5:34  Probe x2  
  64  5:37  Observer  
  64  5:45  Immortal (Chrono Boost)  
  64  5:47  Probe x2  
  70  5:59  Probe x2  
  66  6:07  Protoss Ground Weapons Level 1  
  66  6:08  Probe  
  66  6:11  Probe x2  
  69  6:14  Colossus (Chrono Boost)  
  69  6:16  Observer  
  73  6:20  Probe  
  73  6:21  Gateway  
  73  6:22  Gateway  
  73  6:23  Probe  
  75  6:26  Shield Battery  
  75  6:28  Extended Thermal Lance (Chrono Boost)  
  75  6:30  Stalker  
  77  6:37  Probe  
  78  6:41  Photon Cannon  
  78  6:44  Pylon  
  78  6:45  Charge  
  78  6:53  Shield Battery, Stalker x2  
  80  7:05  Colossus (Chrono Boost)  
  81  7:13  Probe  
  81  7:17  Stalker x2  
  81  7:18  Zealot x2  
  81  7:20  Shield Battery, Observer  
  87  7:28  Probe  
  83  7:45  Probe  
  83  7:48  Probe  
  85  7:52  Gateway  
  85  7:54  Stalker x4  
  91  8:02  Probe  
  91  8:11  Colossus (Chrono Boost)  
  89  8:14  Observer  
  89  8:19  Photon Cannon  
  95  8:21  Shield Battery  
  95  8:23  Probe x2  
  95  8:25  Probe  
  98  8:28  Pylon, Gateway  
  98  8:31  Stalker x2  
  98  8:32  Stalker  
  98  8:33  Zealot  
  106  8:35  Probe x2  
  106  8:40  Pylon  
  106  8:41  Probe  
  106  8:44  Protoss Ground Weapons Level 2  
  106  8:47  Probe  
  107  9:00  Probe  
  108  9:08  Probe  
  108  9:09  Probe  
  109  9:10  Stalker  
  109  9:11  Observer  
  109  9:12  Probe  
  112  9:19  Stalker x3  
  112  9:20  Probe  
  112  9:23  Observer  
  119  9:24  Probe  
  119  9:28  Photon Cannon  
  119  9:29  Assimilator  
  120  9:35  Probe  
  120  9:36  Probe x2  
  120  9:37  Zealot  
  120  9:38  Zealot x2  
  123  9:46  Stalker  
  123  9:52  Probe x2  
  123  9:58  Probe  
  110  10:03  Stalker x5  
  110  10:04  Probe x2  
  122  10:07  Assimilator  
  122  10:11  Photon Cannon, Shield Battery  
  122  10:14  Stargate  
  122  10:15  Pylon  
  120  10:23  Observer (Chrono Boost)  
  120  10:27  Sentry x2, Robotics Facility  
  125  10:31  Pylon x2  
  125  10:33  Observer  
  125  10:38  Zealot  
  125  10:39  Pylon, Zealot x3  
  132  10:48  Observer (Chrono Boost)  
  131  10:59  Observer  
  131  11:04  Stalker x2  
  131  11:08  Stargate  
  135  11:12  Protoss Air Weapons Level 1 (Chrono Boost)  
  135  11:13  Fleet Beacon  
  135  11:25  Stalker x2  
  139  11:26  Stalker x2  
  139  11:31  Nexus, Disruptor (Chrono Boost)  
  143  11:33  Pylon  
  143  11:35  Disruptor (Chrono Boost)  
  147  11:40  Photon Cannon, Shield Battery  
  147  11:44  Zealot x2  
  148  11:53  Zealot x2  
  148  11:54  Zealot x2  
  156  12:06  Pylon, Disruptor  
  156  12:07  Disruptor  
  156  12:14  Zealot x5  
  149  12:23  Carrier (Chrono Boost)  
  149  12:24  Carrier (Chrono Boost)  
  161  12:34  Gateway  
  161  12:36  Gateway  
  161  12:37  Zealot x2  
  161  12:40  Observer  
  161  12:44  Pylon  
  165  12:58  Observer  
  165  13:00  Observer  
  165  13:01  Disruptor x2  
  169  13:12  Nexus  
  167  13:14  Pylon  
  167  13:16  Pylon x2  
  167  13:19  Pylon  
  167  13:32  Carrier (Chrono Boost)  
  165  13:34  Carrier (Chrono Boost)  
  165  13:37  Disruptor  
  165  13:40  Observer, Stalker  
  180  13:44  Pylon  
  180  13:49  Protoss Ground Weapons Level 3 (Chrono Boost)  
  180  13:55  Pylon  
  180  14:02  Nexus  
  180  14:03  Pylon  
  180  14:08  Stalker x4  
  185  14:30  Carrier (Chrono Boost)  
  189  14:40  Stalker x3  
  189  14:41  Stalker x2  
  189  14:58  Observer  
  188  15:01  Nexus  
  188  15:03  Pylon  
  188  15:05  Pylon  
  188  15:13  Observer  
  188  15:17  Pylon  
  188  15:20  Protoss Air Weapons Level 2 (Chrono Boost)  
  184  15:47  Pylon  
  184  15:51  Pylon  
  176  16:06  Carrier  
  181  16:13  Stalker x3  
  182  16:35  Stalker x3  
  182  16:53  Observer  
  180  16:59  Observer  
  175  17:09  Stalker x4  
  183  17:28  Disruptor  
  186  17:59  Observer  
  184  18:26  Nexus  
  182  18:47  Stalker x4  
  182  18:48  Stalker x2  
  193  19:01  Observer  
  181  19:19  Zealot x4  
  181  19:20  Zealot x2  
  130  20:12  Zealot x6  

Tags
 
Add a new tag
Caveats
  • Supply blocks, unpowered buildings, or Contaminate may cause inaccurate times.
  • Supply counts are checked every 10 seconds.